Unix NetHack Version 5.0.0-0 post-release - last build Jul 19 2026 19:10:59 (3aa4ab31751d3886436d94b585a96704892fd477,branch:main).

Game began 2026-07-20 19:04:53, ended 2026-07-20 23:40:08.

Barrb, neutral female human Barbarian

                  -  ----
                 ..---..|     .#
                ....|...-----|.|
               ........*..|).#.-
              .........%@'......-
              ...)....|.--......
              ...--..------....
               .- |.`|    ----
                  ---

Barrb the Bandit           St:18/01 Dx:14 Co:18 In:8 Wi:9 Ch:6  Neutral
Dlvl:11 $:568 HP:0(98) Pw:35(35) AC:3  Xp:9 T:8109  Burdened

Latest messages:
 The dwarf misses!
 You are hit by a dart.
 You smite the dwarf!
 You miss the dwarf.
 You kill the dwarf!
 There are many objects here.
 Your knapsack cannot accommodate any more items.
 You kill the gnome!
 You see here 8 darts.
 The dwarf wields a dagger!
 The gnome throws an aklys!
 You are hit by an aklys.
 The aklys returns to the gnome's hand!
 You smite the dwarf!
 You kill the dwarf!
 What do you want to throw? [$xGX or ?*] X
 In what direction? 3
 You aren't wielding a bow, so you throw your arrow by hand.
 There is a candy bar here; eat it? [ynq] (n) y
 Blecch!  Rotten food!
 The world spins and goes dark.
 The gnome throws an aklys!
 You are hit by an aklys.
 You are conscious again.
 You see here 8 darts.
 The gnome throws an aklys!
 You are hit by an aklys.
 You have a little trouble lifting X - 8 darts.
 The gnome swings his aklys.
 The gnome hits!
 You kill the gnome!
 You see here an aklys.
 In what direction? 4
 You kick an aklys.
 You see here a gnome corpse.
 There are many objects here.
 Your knapsack cannot accommodate any more items.
 You see here a dart.
 You have a little trouble lifting X - a dart (9 in total).
 You see here a gnome corpse.
 The flesh golem hits!
 The flesh golem hits again!
 You smite the flesh golem!
 The flesh golem hits!
 The flesh golem hits again!
 You smite the flesh golem!
 The flesh golem hits!
 The flesh golem hits again!
 You die...
 Do you want your possessions identified? [ynq] (y) q

Inventory:
 Coins    ('$')
  $ - 568 gold pieces
 Amulets  ('"')
  y - an uncursed amulet of ESP
  e - a cursed amulet of restful sleep
  Y - a cursed amulet of strangulation
 Weapons  (')')
  X - 9 blessed +1 darts
  x - 10 +3 darts
  G - 17 +0 darts
  b - a +1 short sword (weapon in right hand)
 Armor    ('[')
  C - an uncursed +0 dwarvish iron helm
  k - an uncursed +0 pair of iron shoes
  n - an uncursed +0 pair of speed boots (being worn)
  l - an uncursed +0 dwarvish cloak
  A - an uncursed burnt +1 dwarvish cloak
  c - an uncursed +0 dwarvish mithril-coat (being worn)
 Comestibles  ('%')
  M - 4 uncursed food rations
  d - an uncursed tin of soup made from yellow mold
  R - an uncursed lizard corpse
 Scrolls  ('?')
  s - an uncursed scroll of blank paper
  g - an uncursed scroll of confuse monster
  i - an uncursed scroll of create monster
  E - an uncursed scroll of destroy armor
  N - an uncursed scroll of earth
  D - 2 uncursed scrolls of enchant armor
  B - 2 uncursed scrolls of teleportation
 Spellbooks  ('+')
  u - an uncursed spellbook of confuse monster
 Potions  ('!')
  H - an uncursed potion of hallucination
  v - 2 uncursed potions of healing
  I - 2 uncursed potions of object detection
  P - a blessed potion of sickness
 Rings    ('=')
  O - an uncursed ring of see invisible (on left hand)
  w - an uncursed ring of stealth
 Wands    ('/')
  a - a wand of fire (0:0)
  L - a wand of light (0:14)
  U - a wand of magic missile (0:5)
  Z - a wand of magic missile (0:5)
  r - a wand of polymorph (0:4)
 Tools    ('(')
  z - an uncursed brass lantern (lit)
  V - an uncursed brass lantern
  W - an uncursed brass lantern
  m - a cursed magic marker (0:67)
  T - a blessed oil lamp
  o - a +0 pick-axe
  S - an uncursed skeleton key
  K - 3 uncursed partly used tallow candles
  f - an uncursed tin whistle
 Gems/Stones  ('*')
  h - an uncursed amber stone
  t - an uncursed amethyst stone
  J - 2 uncursed worthless pieces of black glass
  p - an uncursed worthless piece of green glass
  j - 3 uncursed worthless pieces of orange glass
  q - an uncursed worthless piece of red glass
  Q - an uncursed worthless piece of violet glass
  F - 2 uncursed worthless pieces of white glass

Barrb the Barbarian's attributes:

Background:
 You were a Bandit, a level 9 female human Barbarian.
 You were neutral, on a mission for Crom
 who was opposed by Mitra (lawful) and Set (chaotic).
 You were right-handed.
 You were in the Gnomish Mines, on level 11.
 You entered the dungeon 8109 turns ago.
 It was nighttime.
 You had 2945 experience points, 2175 more were needed to attain level 10.

Basics:
 You had 0 out of 98 hit points.
 You had all 35 energy points (spell power).
 Your armor class was 3.
 Your wallet contained 568 zorkmids.
 Autopickup was off.

Final Characteristics:
 Your strength was 18/01 (limit:18/100).
 Your dexterity was 14 (peak:15, limit:18).
 Your constitution was 18 (limit:18).
 Your intelligence was 8 (limit:18).
 Your wisdom was 9 (peak:10, limit:18).
 Your charisma was 6 (limit:18).

Final Status:
 You weren't hungry.
 You were burdened; movement was slightly slowed.
 You were wielding a short sword.
 You had expert skill with short sword.

Final Attributes:
 You were piously aligned.
 You were cold resistant.
 You were poison resistant.
 You saw invisible.
 You were telepathic.
 You were guarded.
 You were very fast.
 You are dead.

Miscellaneous:
 You didn't encounter any bones levels.
 Total elapsed playing time was 2 hours, 32 minutes and 14 seconds.

Major events:
 Turn
    1: Barrb the neutral female human Barbarian entered the dungeon
 1336: attained the rank of Pillager (level 3)
 2562: entered the Gnomish Mines
 2990: attained the rank of Bandit (level 6)
 5555: reached Mine Town
 8109: killed by a flesh golem

You didn't know any spells.

Skills:
 Fighting Skills
   bare handed combat [Basic]
   two weapon combat  [Unskilled]
   riding             [Unskilled]
 Weapon Skills
   dagger             [Unskilled]
   axe                [Basic]
   pick-axe           [Unskilled]
   short sword        [Expert]
   broadsword         [Unskilled]
   long sword         [Unskilled]
   two-handed sword   [Unskilled]
   saber              [Unskilled]
   club               [Unskilled]
   mace               [Unskilled]
   morning star       [Unskilled]
   flail              [Unskilled]
   hammer             [Unskilled]
   quarterstaff       [Unskilled]
   spear              [Unskilled]
   trident            [Unskilled]
   bow                [Unskilled]
 Spellcasting Skills
   attack spells      [Unskilled]
   escape spells      [Unskilled]

Voluntary challenges:
 Character rerolling was not enabled.
 You never genocided any monsters.
 You never polymorphed an object.
 You never changed form.
 You used no wishes.
Achievements:
 You entered a shop.
 You attained the rank of Pillager.
 You entered the Gnomish Mines.
 You attained the rank of Bandit.
 You entered Minetown.
 You entered a temple.

 The Dungeons of Doom: levels 1 to 5
    Level 1:
       A fountain.
    Level 2:
       A potion shop, a fountain, a sink.
    Level 3:
    Level 4:
       A fountain.
       Stairs down to The Gnomish Mines.
    Level 5:
       Some fountains, a sink.
 The Gnomish Mines: levels 5 to 11
    Level 5:
    Level 6:
    Level 7:
       Some shops, a temple and an altar, some fountains, a sink.
    Level 8:
    Level 9:
    Level 10:
    Level 11: <- You were here.
       Final resting place for
          you, killed by a flesh golem.


Vanquished creatures:
  a giant mimic
  4 small mimics
  a dwarf ruler
  a tengu
  a wraith
  a giant beetle
  a cockatrice
  2 winter wolf cubs
  a panther
  a leprechaun
  a giant spider
  a gnome ruler
  a rust monster
  3 Green-elves
  2 lizards
  3 chickatrices
  2 dwarf leaders
  a dust vortex
  a plains centaur
  a human zombie
  2 wood nymphs
  8 Mordor orcs
  2 rock piercers
  2 ponies
  a fog cloud
  a yellow light
  a shrieker
 13 gnome leaders
  2 gnomish wizards
  a kobold mummy
  a straw golem
  5 giant ants
  4 floating eyes
 18 dwarves
  a homunculus
  a kobold leader
  3 kobold shamans
 10 hill orcs
  a rabid rat
  a monkey
  2 orc zombies
  a wererat
  4 iguanas
 15 killer bees
 an acid blob
  a coyote
  3 large kobolds
  a hobgoblin
  a giant rat
  7 cave spiders
  a brown mold
  2 yellow molds
  a red mold
 46 gnomes
  3 geckos
  9 jackals
  2 foxes
  4 goblins
  5 sewer rats
  6 grid bugs
  5 bats
  5 lichens
  2 kobold zombies
  5 newts
240 creatures vanquished.

No species were genocided or became extinct.

Game over:
                       ----------
                      /          \
                     /    REST    \
                    /      IN      \
                   /     PEACE      \
                  /                  \
                  |      Barrb       |
                  |      568 Au      |
                  |   killed by a    |
                  |   flesh golem    |
                  |                  |
                  |                  |
                  |       2026       |
                 *|     *  *  *      | *
        _________)/\\_//(\/(/\)/\//\/|_)_______

Goodbye Barrb the Barbarian...

You died in The Gnomish Mines on dungeon level 11 with 15824 points,
and 568 pieces of gold, after 8109 moves.
You were level 9 with a maximum of 98 hit points when you died.

